General information
- name: BNet
- type: Ladder team game (AT/RT)
- host: Battle.net
- saver: DRAGONSWORDIMBA
map: Friends
- players: 8
- length: 23:07
- speed: Fast
- version: 1.26 W3XP
- replay type: Public
» download(160 KB)
Players
team 1 (winner)
Re-Casper (
orange | 69 APM | 921 actions | 13:17)
» actions
| Assign group hotkey | 15 | |
| Basic commands | 119 | |
| Build / train | 37 | |
| ESC pressed | 2 | |
| Enter build submenu | 11 | |
| Right click | 460 | |
| Select / deselect | 176 | |
| Select group hotkey | 90 | |
| Use ability | 11 | |
921 total
» units
» upgrades
» buildings
| Barracks | 2 | |
| Orc Burrow | 5 | |
| War Mill | 1 | |
| Stronghold | 2 | |
10 total
» build order
00:09 Barracks
00:20 Orc Burrow
00:36 Barracks
01:36 Orc Burrow
03:15 Orc Burrow
05:09 Orc Burrow
05:23 Orc Burrow
06:33 War Mill
12:57 Stronghold
12:57 Stronghold

»
cacitaguesswot (
green | 55 APM | 727 actions | 13:18)
» actions
| Basic commands | 48 | |
| Build / train | 22 | |
| ESC pressed | 2 | |
| Enter build submenu | 26 | |
| Right click | 453 | |
| Select / deselect | 145 | |
| Use ability | 31 | |
727 total
» units
» buildings
| Ziggurat | 20 | |
| Nerubian Tower | 3 | |
| Necropolis | 3 | |
| Graveyard | 1 | |
| Spirit Tower | 10 | |
| Crypt | 1 | |
| Halls of the Dead | 1 | |
39 total
» build order
00:12 Ziggurat
00:19 Ziggurat
01:08 Nerubian Tower
01:11 Nerubian Tower
01:18 Necropolis
01:41 Necropolis
02:01 Necropolis
02:51 Graveyard
03:08 Ziggurat
03:12 Ziggurat
03:14 Ziggurat
03:26 Ziggurat
03:46 Ziggurat
04:32 Ziggurat
05:08 Ziggurat
06:01 Spirit Tower
06:39 Crypt
07:08 Ziggurat
07:52 Ziggurat
08:10 Nerubian Tower
08:43 Ziggurat
08:51 Spirit Tower
09:08 Ziggurat
09:10 Ziggurat
09:13 Ziggurat
09:23 Ziggurat
09:29 Ziggurat
09:36 Spirit Tower
09:36 Spirit Tower
09:58 Ziggurat
10:01 Ziggurat
10:04 Ziggurat
10:22 Spirit Tower
10:22 Spirit Tower
10:22 Spirit Tower
10:22 Spirit Tower
10:59 Halls of the Dead
11:08 Spirit Tower
D-George_Bush (
pink | 167 APM | 3860 actions | 23:04)
2 Pandaren Brewmaster
1 Breath of Fire
1 Drunken Haze
1 Paladin
1 Holy Light
» actions
| Assign group hotkey | 221 | |
| Basic commands | 517 | |
| Build / train | 121 | |
| ESC pressed | 8 | |
| Enter build submenu | 55 | |
| Enter hero's abilities submenu | 4 | |
| Right click | 1260 | |
| Select / deselect | 823 | |
| Select group hotkey | 740 | |
| Use ability | 110 | |
3860 total
» units
| Peasant | 32 | |
| Footman | 6 | |
| Mortar Team | 4 | |
| Flying Machine | 14 | |
56 total
» upgrades
| Masonry | 3 | |
| Swords | 2 | |
| Armor | 3 | |
| Lumber Harvesting | 2 | |
| Plating | 2 | |
| Gunpowder | 3 | |
| Defend | 1 | |
| Fragmentation Shards | 2 | |
| Flying Machine Bombs | 2 | |
| Flak Cannons | 2 | |
22 total
» buildings
| Barracks | 2 | |
| Lumber Mill | 2 | |
| Farm | 11 | |
| Altar of Kings | 2 | |
| Scout Tower | 43 | |
| Guard Tower | 32 | |
| Blacksmith | 3 | |
| Town Hall | 2 | |
| Keep | 1 | |
| Workshop | 4 | |
| Castle | 3 | |
| Arcane Vault | 1 | |
106 total
» build order
00:38 Barracks
00:42 Lumber Mill
00:50 Farm
01:15 Farm
01:22 Altar of Kings
02:08 Altar of Kings
02:18 Scout Tower
02:19 Scout Tower
02:20 Scout Tower
02:51 Guard Tower
02:52 Guard Tower
03:05 Scout Tower
03:16 Guard Tower
03:22 Farm
03:37 Guard Tower
03:37 Guard Tower
03:49 Farm
04:19 Scout Tower
04:20 Scout Tower
04:38 Farm
04:58 Guard Tower
04:59 Guard Tower
05:43 Scout Tower
05:44 Scout Tower
05:44 Scout Tower
06:08 Blacksmith
06:08 Blacksmith
06:10 Barracks
06:26 Guard Tower
07:20 Guard Tower
08:06 Scout Tower
08:07 Scout Tower
08:07 Scout Tower
08:07 Scout Tower
08:08 Scout Tower
08:09 Scout Tower
08:36 Town Hall
08:37 Guard Tower
08:42 Guard Tower
08:47 Guard Tower
08:49 Guard Tower
08:50 Guard Tower
08:52 Guard Tower
08:52 Guard Tower
08:55 Town Hall
08:59 Guard Tower
09:04 Farm
09:05 Farm
09:54 Scout Tower
10:23 Guard Tower
10:29 Scout Tower
10:29 Scout Tower
11:04 Scout Tower
11:06 Scout Tower
11:07 Scout Tower
11:07 Scout Tower
11:33 Guard Tower
11:35 Scout Tower
11:35 Scout Tower
11:35 Scout Tower
11:36 Scout Tower
11:57 Keep
12:00 Blacksmith
12:18 Scout Tower
12:19 Scout Tower
12:20 Scout Tower
12:24 Scout Tower
13:08 Guard Tower
13:11 Scout Tower
13:12 Scout Tower
13:13 Scout Tower
13:14 Scout Tower
13:17 Scout Tower
13:41 Guard Tower
13:42 Guard Tower
13:42 Guard Tower
13:44 Scout Tower
13:46 Scout Tower
13:46 Scout Tower
13:58 Scout Tower
13:59 Scout Tower
14:00 Scout Tower
14:00 Scout Tower
14:01 Scout Tower
14:21 Workshop
14:22 Workshop
14:23 Workshop
14:23 Workshop
14:30 Lumber Mill
15:26 Guard Tower
15:39 Guard Tower
15:39 Guard Tower
15:47 Castle
15:47 Castle
16:10 Guard Tower
16:26 Farm
16:26 Farm
16:27 Farm
16:28 Farm
16:47 Arcane Vault
» items

»
C0BRA_187 (
yellow | 31 APM | 722 actions | 23:07)
3 Paladin
1 Holy Light
1 Divine Shield
1 Devotion Aura
» actions
| Assign group hotkey | 2 | |
| Basic commands | 23 | |
| Build / train | 31 | |
| Enter build submenu | 8 | |
| Enter hero's abilities submenu | 3 | |
| Right click | 451 | |
| Select / deselect | 147 | |
| Select group hotkey | 19 | |
| Use ability | 38 | |
722 total
» units
» buildings
| Farm | 4 | |
| Barracks | 1 | |
| Altar of Kings | 1 | |
| Keep | 1 | |
| Blacksmith | 1 | |
| Town Hall | 1 | |
9 total
» build order
00:33 Farm
00:57 Barracks
01:29 Farm
01:38 Altar of Kings
02:15 Farm
02:58 Farm
04:52 Keep
06:11 Blacksmith
07:48 Town Hall
team 2 (loser)

»
Re-LUCASB0T (
teal | 35 APM | 316 actions | 09:04)
» actions
| Basic commands | 26 | |
| Build / train | 20 | |
| Enter build submenu | 4 | |
| Remove unit from queue | 1 | |
| Right click | 133 | |
| Select / deselect | 118 | |
| Use ability | 14 | |
316 total
» units
» buildings
» build order
00:11 Orc Burrow
00:13 Orc Burrow
00:14 Orc Burrow
04:10 War Mill

»
DRAGONSWORDIMBA (
red | 61 APM | 1412 actions | 23:07)
4 Death Knight
2 Death Coil
2 Unholy Aura
4 Lich
2 Frost Nova
2 Dark Ritual
3 Dark Ranger
2 Silence
1 Life Drain
» actions
| Assign group hotkey | 30 | |
| Basic commands | 139 | |
| Build / train | 81 | |
| ESC pressed | 3 | |
| Enter build submenu | 24 | |
| Enter hero's abilities submenu | 11 | |
| Give item / drop item | 1 | |
| Right click | 354 | |
| Select / deselect | 370 | |
| Select group hotkey | 327 | |
| Use ability | 72 | |
1412 total
» units
| Acolyte | 12 | |
| Ghoul | 13 | |
| Gargoyle | 11 | |
36 total
» upgrades
| Unholy Strength | 2 | |
| Unholy Armor | 2 | |
| Creature Attack | 3 | |
| Creature Carapace | 3 | |
| Stone Form | 1 | |
| Ghoul Frenzy | 1 | |
12 total
» buildings
| Crypt | 2 | |
| Altar of Darkness | 1 | |
| Ziggurat | 13 | |
| Tomb of Relics | 1 | |
| Nerubian Tower | 3 | |
| Graveyard | 1 | |
| Halls of the Dead | 1 | |
| Spirit Tower | 5 | |
| Black Citadel | 1 | |
28 total
» build order
00:16 Crypt
00:19 Altar of Darkness
00:46 Ziggurat
01:03 Tomb of Relics
01:31 Ziggurat
02:01 Nerubian Tower
02:24 Graveyard
04:17 Crypt
04:25 Halls of the Dead
06:07 Spirit Tower
06:07 Ziggurat
06:44 Ziggurat
09:57 Black Citadel
10:46 Spirit Tower
12:53 Spirit Tower
16:07 Ziggurat
16:08 Ziggurat
16:09 Ziggurat
16:10 Ziggurat
18:26 Nerubian Tower
18:27 Spirit Tower
19:15 Ziggurat
19:16 Ziggurat
20:22 Nerubian Tower
21:38 Ziggurat
21:39 Ziggurat
22:05 Ziggurat
22:58 Spirit Tower
» items
| Rod of Necromancy | 1 | |
| Dust of Appearance | 1 | |
| Scroll of Town Portal | 2 | |
| Potion of Healing | 3 | |
| Orb of Corruption | 1 | |
| Scroll of Healing | 1 | |
9 total

»
S3phiroth (
blue | 43 APM | 990 actions | 23:07)
6 Death Knight
3 Death Coil
2 Unholy Aura
1 Animate Dead
» actions
| Assign group hotkey | 77 | |
| Basic commands | 91 | |
| Build / train | 57 | |
| Enter build submenu | 17 | |
| Enter hero's abilities submenu | 6 | |
| Right click | 395 | |
| Select / deselect | 116 | |
| Select group hotkey | 154 | |
| Use ability | 77 | |
990 total
» units
| Acolyte | 8 | |
| Ghoul | 5 | |
| Crypt Fiend | 13 | |
26 total
» upgrades
| Creature Attack | 3 | |
| Creature Carapace | 3 | |
| Web | 1 | |
| Burrow | 1 | |
8 total
» buildings
| Ziggurat | 7 | |
| Crypt | 2 | |
| Altar of Darkness | 1 | |
| Graveyard | 3 | |
| Tomb of Relics | 1 | |
| Nerubian Tower | 1 | |
| Halls of the Dead | 1 | |
| Spirit Tower | 3 | |
| Necropolis | 2 | |
| Black Citadel | 1 | |
22 total
» build order
00:19 Ziggurat
00:29 Crypt
00:33 Altar of Darkness
01:08 Graveyard
01:13 Tomb of Relics
01:23 Nerubian Tower
03:04 Ziggurat
03:57 Graveyard
04:06 Graveyard
04:09 Ziggurat
04:10 Ziggurat
04:34 Halls of the Dead
05:58 Spirit Tower
06:02 Spirit Tower
07:55 Crypt
10:08 Necropolis
12:16 Black Citadel
14:02 Ziggurat
14:03 Ziggurat
14:03 Ziggurat
16:48 Spirit Tower
19:51 Necropolis
» items
| Dust of Appearance | 1 | |
| Rod of Necromancy | 1 | |
| Sacrificial Skull | 1 | |
| Scroll of Town Portal | 1 | |
| Scroll of Healing | 1 | |
| Potion of Healing | 2 | |
| Orb of Corruption | 1 | |
| Potion of Mana | 2 | |
10 total
aler (
purple | 16 APM | 371 actions | 23:07)
1 Archmage
1 Blizzard
» actions
| Basic commands | 7 | |
| Build / train | 44 | |
| Enter build submenu | 28 | |
| Enter hero's abilities submenu | 1 | |
| Remove unit from queue | 3 | |
| Right click | 58 | |
| Select / deselect | 200 | |
| Use ability | 30 | |
371 total
» units
| Peasant | 29 | |
| Mortar Team | 2 | |
| Siege Engine | 1 | |
32 total
» upgrades
| Lumber Harvesting | 1 | |
| Gunpowder | 2 | |
3 total
» buildings
| Altar of Kings | 1 | |
| Farm | 12 | |
| Lumber Mill | 1 | |
| Town Hall | 1 | |
| Scout Tower | 2 | |
| Guard Tower | 2 | |
| Keep | 1 | |
| Blacksmith | 1 | |
| Workshop | 6 | |
| Castle | 1 | |
28 total
» build order
00:30 Altar of Kings
00:32 Farm
04:14 Lumber Mill
07:37 Town Hall
12:59 Scout Tower
13:29 Guard Tower
13:33 Scout Tower
14:02 Farm
14:03 Guard Tower
14:05 Keep
15:12 Farm
15:50 Farm
16:36 Blacksmith
16:41 Farm
18:04 Workshop
18:06 Workshop
18:16 Farm
19:20 Farm
19:26 Workshop
19:28 Workshop
20:02 Farm
20:22 Castle
20:39 Workshop
20:42 Workshop
20:54 Farm
21:44 Farm
22:20 Farm
22:23 Farm
Chat log
(00:04 / All) Re-LUCASB0T: u know
(00:04 / All) cacitaguesswot: lol
(00:05 / All) Re-LUCASB0T: the drill
(00:14 / All) Re-Casper: I MAKE GRUNTS
(00:16 / All) Re-LUCASB0T: ima gay thug
(00:17 / Allies) S3phiroth: are you ghetto or pies
(00:20 / All) DRAGONSWORDIMBA: im pies
(00:21 / All) D-George_Bush: You guys all search as a group as well?
(00:26 / Allies) S3phiroth: dual DKs?
(00:29 / All) DRAGONSWORDIMBA: Yeah
(00:31 / All) Re-Casper: WHY U TK ME BRO?
(00:34 / All) cacitaguesswot: its the
(00:35 / All) cacitaguesswot: fans
(00:36 / All) Re-LUCASB0T: dont know who this red faggot is
(00:39 / All) DRAGONSWORDIMBA: cept green
(00:41 / All) Re-LUCASB0T: hes a fanboy
(00:42 / All) DRAGONSWORDIMBA: we werne't with him
(00:57 / All) Re-Casper: CLAN TEK-9 LEGIT
(00:57 / All) D-George_Bush: Nothing wrong with being a fanboy.
(01:06 / All) D-George_Bush: You're just mad Apple provides great products at low prices.
(01:47 / Allies) S3phiroth: lol
(01:48 / Allies) S3phiroth: purp
(01:54 / All) DRAGONSWORDIMBA: I think we're gonna win.
(02:00 / All) Re-Casper: NO
(02:01 / All) Re-Casper: YOU WONT
(02:01 / All) Re-LUCASB0T: purple sucks hes stabbing me
(02:04 / All) Re-Casper: IM MASSING GRUNTZ
(02:12 / All) cacitaguesswot: blue is a final fantasy nerd
(02:12 / All) cacitaguesswot: LOL
(02:16 / All) Re-Casper: LOL
(02:17 / All) DRAGONSWORDIMBA: LOL
(02:20 / All) S3phiroth: LOL
(02:23 / All) Re-Casper: WOT A GEEK
(02:30 / All) D-George_Bush: I don't trust any other player in this game.
(02:32 / All) D-George_Bush: This is awesome.
(02:39 / All) Re-Casper: MASS NECRO STRAT
(02:41 / All) Re-Casper: IS IMBA
(02:45 / All) Re-Casper: GREEN BEAT MOON 1V1
(02:46 / All) Re-Casper: WITH IT
(02:46 / All) cacitaguesswot: pink havin self convos with him is cool
(02:57 / All) cacitaguesswot: yep
(03:04 / Allies) aler: i know your mommy hits you everynight but thats not my fault teal
(03:08 / All) Re-Casper: GOLD GUYSD
(03:09 / All) Re-Casper: GOLD
(03:11 / All) D-George_Bush: Hey Teelo, Pies, I have a different idea.
(03:14 / All) D-George_Bush: Let's kill these guys.
(03:23 / All) DRAGONSWORDIMBA: whcich guys
(03:24 / All) Re-Casper: STFU FAGGOT
(03:25 / All) Re-Casper: ILL BE
(03:27 / All) cacitaguesswot: LOL
(03:27 / All) Re-Casper: cALLING THE SHOTS
(03:29 / All) Re-Casper: aROUND HERE
(03:29 / All) D-George_Bush: Green, teal, and orange.
(03:34 / All) DRAGONSWORDIMBA: Ok
(03:35 / All) Re-Casper: YOU ANT
(03:37 / All) Re-Casper: KILL ME
(03:39 / All) cacitaguesswot: RED
(03:39 / All) Re-Casper: I GOT
(03:40 / All) cacitaguesswot: UR A FAN
(03:41 / All) cacitaguesswot: STFU
(03:54 / All) D-George_Bush: New rules.
(03:56 / All) D-George_Bush: It's 3v3v2.
(04:01 / All) DRAGONSWORDIMBA: Soon as I revive Lord Nightsorrow from his bloody battle with creeps.
(04:03 / All) cacitaguesswot: YELLOWS
(04:04 / All) cacitaguesswot: TKIN..
(04:10 / All) Re-Casper: 0MG
(04:11 / All) Re-Casper: wTF\
(04:34 / All) D-George_Bush: Yellow, you on our team or no?
(04:42 / All) Re-Casper: PINK
(04:46 / All) Re-Casper: GO BE A VIRGIN
(04:48 / All) Re-Casper: eLSEWERE
(04:49 / All) Re-Casper: fAGGOT
(04:55 / All) D-George_Bush: Shut up, idiot.
(04:59 / All) Re-Casper: LOL
(05:00 / All) cacitaguesswot: LOl
(05:01 / All) cacitaguesswot: PINK
(05:02 / All) cacitaguesswot: NERDF
(05:04 / All) cacitaguesswot: CAUGHT
(05:09 / All) DRAGONSWORDIMBA: You have nothing teal, even if you do manage to repair that burrow you still won't have enough to kill our heroes.
(05:20 / All) Re-Casper: AHAHAHAH
(05:23 / All) D-George_Bush: Taking green's mine.
(05:25 / All) Re-Casper: MASS GRUNTS
(05:26 / All) Re-Casper: I
(05:28 / All) Re-Casper: TRY IT
(05:29 / All) Re-Casper: NERD
(05:30 / All) Re-Casper: I DARE YOU
(05:36 / All) Re-Casper: YOU CANT FIGHT
(05:38 / All) Re-Casper: 10 GRUNTS
(05:42 / All) Re-Casper: wITH UR SHIT MIRCO
(05:47 / All) cacitaguesswot: ITS
(05:50 / All) cacitaguesswot: CLAN STH
(05:51 / All) cacitaguesswot: LOL
(05:51 / All) D-George_Bush: I don't need micro to beat you guys.
(05:53 / All) D-George_Bush: I have Human.
(05:54 / All) cacitaguesswot: WHOEVER THE FUCK THEY ARE HAHA
(06:05 / All) Re-LUCASB0T: my teams tking mr
(06:08 / All) Re-LUCASB0T: bunch of faggots
(06:10 / All) Re-Casper: YELLOW
(06:12 / All) Re-Casper: UR ALLY
(06:13 / All) Re-Casper: UR HALL
(06:16 / All) Re-Casper: IS GONNA GO DOWN
(06:17 / All) Re-Casper: SOON
(06:17 / All) DRAGONSWORDIMBA: Nazi Mod ordered us to.
(06:18 / All) D-George_Bush: It's 3v3v2, you nerds.
(06:19 / All) D-George_Bush: MAN THE FUCK UP.
(06:21 / All) DRAGONSWORDIMBA: we kinda had no choice.
(06:21 / All) Re-Casper: GET READY
(06:24 / All) Re-Casper: TO REPAIR IT
(06:26 / All) Re-Casper: KNOW
(06:50 / All) S3phiroth: ok who else am i killing?
(06:53 / All) DRAGONSWORDIMBA: green and orange
(06:55 / All) D-George_Bush: Green, teal, orange.
(06:57 / All) Re-Casper: AHAHAHAH
(06:59 / All) Re-Casper: WOT UP
(07:05 / All) Re-Casper: IMBA TACTIC
(07:28 / All) Re-Casper: HI DK
(07:30 / All) cacitaguesswot: LOl
(07:31 / All) cacitaguesswot: HAHA
(07:33 / All) cacitaguesswot: LOL RED NICE MICRO ROFL
(07:40 / All) DRAGONSWORDIMBA: Yeah i kinda forgot there was a base there
(09:10 / All) D-George_Bush: You guys are bad.
(09:11 / All) D-George_Bush: Get out.
(09:26 / All) cacitaguesswot: PINK IS WHO?
(09:32 / All) D-George_Bush: I AM PHONE
(09:36 / All) D-George_Bush: BUT WHO WAS PHONE?
(09:42 / All) Re-Casper: NICE RESCOURCES YELLOW
(09:43 / All) Re-Casper: LOL
(11:09 / All) Re-Casper: I GOT U BR0
(11:12 / All) Re-Casper: LOL
(11:15 / All) Re-Casper: DID U JUST BOF
(11:17 / All) Re-Casper: ALLY UNITS?
(11:17 / All) Re-Casper: LO
(11:19 / All) cacitaguesswot: HAHA
(11:23 / All) cacitaguesswot: DUMB NERD ROFL
(11:30 / All) D-George_Bush: You're bad and always will be.
(11:38 / All) DRAGONSWORDIMBA: How's it going down there?
(11:43 / All) D-George_Bush: Good.
(12:25 / All) Re-Casper: YELLOW
(12:26 / All) Re-Casper: TP
(12:31 / All) cacitaguesswot: WAIT
(12:33 / All) cacitaguesswot: WITH WHAT?
(12:38 / Allies) DRAGONSWORDIMBA: gonna grab this one
(12:39 / All) cacitaguesswot: WHERE HIS HERO GO
(12:45 / All) cacitaguesswot: OH
(12:46 / All) cacitaguesswot: THERE IT IS
(13:05 / All) D-George_Bush: How you guys doingg up there?
(13:13 / Allies) DRAGONSWORDIMBA: losing units to creeps
(13:18 / All) DRAGONSWORDIMBA: LOSING TO CREPS
(13:22 / All) DRAGONSWORDIMBA: Oh there we go
(13:23 / All) D-George_Bush: Fucking clowned.
(13:29 / All) DRAGONSWORDIMBA: looks like we won this one
(13:34 / All) D-George_Bush: Yes, we won.
(13:39 / All) D-George_Bush: So what now?
(13:41 / Allies) S3phiroth: red
(13:42 / Allies) S3phiroth: coil meh
(14:13 / All) D-George_Bush: So do we just play now?
(14:13 / All) D-George_Bush: lol
(14:17 / All) DRAGONSWORDIMBA: Gues sso
(14:42 / All) D-George_Bush: lol
(14:54 / All) D-George_Bush: That has to be the first time two Arranged Random Teams paired up
(14:55 / All) D-George_Bush: and fought each other.
(15:01 / All) DRAGONSWORDIMBA: lol
(16:53 / All) D-George_Bush: Such a weird game. No idea what to do now.
(16:58 / All) DRAGONSWORDIMBA: You lost :D
(17:02 / All) D-George_Bush: Nuh uh.
(17:40 / Allies) S3phiroth: back to me
(18:37 / All) DRAGONSWORDIMBA: ice save
(18:43 / All) DRAGONSWORDIMBA: yellow
(19:10 / Allies) DRAGONSWORDIMBA: we must take down his expansion3
(19:21 / Allies) S3phiroth: yeah
(20:26 / All) D-George_Bush: I can't win. Prove to me you guys can.
(20:27 / All) D-George_Bush: <3
(21:42 / All) DRAGONSWORDIMBA: Yeah that failed
(22:14 / Allies) DRAGONSWORDIMBA: wood please someone
(22:57 / All) D-George_Bush: Alright, yeah, I'm holding back the inevitable.
(23:00 / All) D-George_Bush: lol
(23:01 / All) D-George_Bush: ggs
(23:02 / All) DRAGONSWORDIMBA: gg